 Dungeon Crawl Stone Soup version 0.24-a0-228-g05560da (webtiles) character file.

Game seed: 8126398586551909228

81 gruber the Skirmisher (level 4, -3/24 HPs)
             Began as a Vine Stalker Berserker on Apr 1, 2019.
             Was a Believer of Trog.
             Slain by a gnoll
             ... wielding a +0 club
              (4 damage)
             ... on level 3 of the Dungeon.
             The game lasted 00:02:32 (1903 turns).

gruber the Skirmisher (Vine Stalker Berserker)      Turns: 1903, Time: 00:02:33

Health: -3/24      AC:  4    Str: 20    XL:     4   Next: 40%
Magic:  0/5        EV: 12    Int:  7    God:    Trog [**....]
Gold:   96         SH:  0    Dex: 14    Spells: 3/3 levels left

rFire    . . .     SeeInvis .   a - +0 falchion
rCold    . . .     Gourm    .   (no shield)
rNeg     . . .     Faith    .   m - +0 leather armour
rPois    +         Spirit   +   (no helmet)
rElec    .         Reflect  .   (no cloak)
rCorr    .         Harm     .   (no gloves)
MR       .....                  n - +0 pair of boots
Stlth    +.........             (no amulet)
HPRegen  0.48/turn              d - ring of poison resistance
MPRegen  0.09/turn              (no ring)

@: no status effects
A: fangs 2, regeneration 1, magic shield, antimagic bite, no potion heal 3, rot
immunity
a: Berserk, Trog's Hand, Renounce Religion


You were on level 3 of the Dungeon.
You worshipped Trog.
Trog was pleased with you.
You were not hungry.

You visited 1 branch of the dungeon, and saw 3 of its levels.

You collected 96 gold pieces.

Inventory:

Hand Weapons
 a - a +0 falchion (weapon)
Missiles
 k - 34 poisoned needles
 l - 6 curare-tipped needles
Armour
 m - a +0 leather armour (worn)
 n - a +0 pair of boots (worn)
Jewellery
 d - a ring of poison resistance (left hand)
Scrolls
 e - a scroll of remove curse {unknown}
 g - a scroll of blinking {unknown}
 h - a scroll of immolation {unknown}
 i - 2 scrolls of fear {unknown}
 j - a scroll of identify {unknown}
Potions
 b - a potion of might {unknown}
 f - 2 potions of curing {unknown}
 o - a potion of agility {unknown}
 p - a potion of invisibility {unknown}
Comestibles
 c - 3 rations


   Skills:
 + Level 3.5 Fighting
 - Level 3.0 Long Blades
 + Level 2.0 Armour
 + Level 2.5 Dodging


You had 3 spell levels left.
You didn't know any spells.
Your spell library was empty.

Dungeon Overview and Level Annotations

Branches:
Dungeon (3/15)

Altars:
Makhleb


Innate Abilities, Weirdness & Mutations

You have extremely sharp teeth.
Your natural rate of healing is unusually fast.
When hurt, damage is shared between your health and your magic reserves.
Your bite disrupts and absorbs the magic of your enemies.
Potions cannot restore your health.
You are immune to rotting.


Message History

There are monsters nearby!
There are monsters nearby!
The gnoll shouts!
The kobold shouts!
You hear a shout! x2
A rat comes into view.
You hit the hippogriff.
You bite the hippogriff, but do no damage.
The hippogriff is lightly wounded.
The hippogriff barely misses you.
You riposte.
You hit the hippogriff but do no damage.
Your bite misses the hippogriff.
The hippogriff is lightly wounded.
The hippogriff pecks you. The hippogriff claws you.
A gnoll comes into view.
The hippogriff bites you!
* * * LOW HITPOINT WARNING * * *
The hippogriff pecks you.
* * * LOW HITPOINT WARNING * * *
The hippogriff misses you. The gnoll hits you with a +0 club.
You die...

#♣.♣....♣.....♣##
#..........)..##
##♣#♣.♣#♣#.♣.....♣##
### #....(...........#
# .r...♣#♣.♣.♣..♣#♣.♣.♣
#.## #.#....# .....#
... #♣.♣.##.##...#..#
#H##..#.##.##...##.#
#..@.#........... ..
......gg....#........>.
.
#.......#####..........
..####..# ....... #
#.Kg ###### ...♣ .....
.....♣


You could see a hippogriff, 2 gnolls, a kobold and a rat.

Vanquished Creatures
  2 adders (D:2)
  An ooze (D:3)
  A worm (D:3)
  4 dart slugs
  2 leopard geckos (D:2)
  3 ball pythons
  A bat (D:3)
  4 giant cockroaches
  8 hobgoblins
  2 frilled lizards
  6 goblins
  3 kobolds
  9 rats
46 creatures vanquished.

Notes
Turn   | Place    | Note
-------+----------+-------------------------------------------
     0 | D:1      | gruber the Vine Stalker Berserker began the quest for the
                  | Orb.
     0 | D:1      | Reached XP level 1. HP: 11/11 MP: 2/2
   134 | D:1      | Reached XP level 2. HP: 10/16 MP: 3/3
   830 | D:2      | Reached XP level 3. HP: 12/20 MP: 2/4
  1592 | D:2      | Reached ** piety under Trog
  1592 | D:2      | Gained mutation: Your natural rate of healing is unusually
                  | fast. [Vine Stalker growth]
  1592 | D:2      | Reached XP level 4. HP: 24/24 MP: 5/5
  1781 | D:3      | Found a burning altar of Makhleb.
  1900 | D:3      | Noticed a hippogriff
  1902 | D:3      | HP: 1/24 [hippogriff (3)]
  1903 | D:3      | Slain by a gnoll

Levels and vault maps discovered:
D:1:      dpeg_arrival_concentric_ovals, layout_basic, minivault_27
D:2:      layout_loops_ring, first_ration, serial_bayou_pond_b
D:3:      layout_rooms, marbit_many_paths, serial_forest,
          infiniplex_forest_lined_4_way, infiniplex_forest_corner_2,
          infiniplex_forest_clump_small, infiniplex_forest_lined_room_2,
          infiniplex_forest_lined_room_3, infiniplex_forest_lined_4_way,
          infiniplex_forest_lined_3_way, uniq_ijyb

Skill      XL: |  1  2  3  4 |
---------------+-------------+-----
Long Blades    | 3 |  3.0
Fighting       | 3 |  3.5
Dodging        | 2 |  2.5
Armour         | 2 |  2.0

Action                   |  1- 3 |  4- 6 || total
-------------------------+-------+-------++-------
Melee: Falchion          |    93 |    30 ||   123
       Bite              |    23 |     9 ||    32
 Stab: Sleeping          |     2 |     1 ||     3
  Eat: Chunk             |     2 |     1 ||     3
Armor: Animal skin       |    10 |       ||    10
       Leather armour    |     8 |    11 ||    19
Dodge: Dodged            |    68 |    18 ||    86
       Rpst.: Falchion   |    16 |    10 ||    26

Table legend:
 A = Non-vault XP
 B = Vault XP
 C = Vault XP percentage of total XP
 D = Non-vault monster count
 E = Vault monster count
 F = Vault count percentage of total count
                 A         B        C        D         E       F
            +---------+---------+-------+---------+---------+-------
      Total |     106 |      10 |   8.6 |      40 |       6 |  13.0
            +---------+---------+-------+---------+---------+-------
        D:1 |      23 |       0 |   0.0 |      14 |       0 |   0.0
        D:2 |      57 |       8 |  12.3 |      17 |       5 |  22.7
        D:3 |      26 |       2 |   7.1 |       9 |       1 |  10.0
            +---------+---------+-------+---------+---------+-------
